 Dungeon Crawl Stone Soup version 0.20-a0-270-g8e735b6 (webtiles) character file.

34 AlphabetPasta the Magician (level 3, -5/28 HPs)
             Began as a Minotaur Wizard on Dec 10, 2016.
             Slain by Natasha (10 damage)
             ... on level 2 of the Dungeon.
             The game lasted 00:05:24 (931 turns).

AlphabetPasta the Magician (Minotaur Wizard)         Turns: 931, Time: 00:05:24

Health: -5/28      AC:  2    Str: 11    XL:     3   Next: 14%
Magic:  4/5        EV: 12    Int: 16    God:
Gold:   75         SH:  0    Dex:  8    Spells: 0/7 levels left

rFire  . . .     SeeInvis .     (no weapon)
rCold  . . .     Gourm    .     a - +0 robe
rNeg   . . .     Faith    .     (no shield)
rPois  .         Spirit   .     b - +0 hat
rElec  .         Reflect  .     (no cloak)
rCorr  .         Harm     .     (no gloves)
MR     .....                    (no boots)
Stlth  +.........               (no amulet)
                                (no ring)
                                (no ring)

@: repel missiles
A: retaliatory headbutt, horns 2
a: no special abilities


You were on level 2 of the Dungeon.
You were hungry.

You visited 1 branch of the dungeon, and saw 2 of its levels.

You collected 75 gold pieces.

Inventory:

Armour
 a - a +0 robe (worn)
 b - a +0 hat (worn)
 f - a +0 buckler
Scrolls
 g - a scroll of noise {unknown}
 i - a scroll of magic mapping {unknown}
Potions
 e - 2 potions of ambrosia {unknown}
 j - a potion of haste
 k - a potion of might {unknown}
 m - 2 potions of curing {unknown}
Books
 c - a book of Minor Magic

   Spells                             Type                      Level
   a - Magic Dart                     Conjuration                  1
   b - Blink                          Translocation                2
   c - Call Imp                       Summoning                    2
   d - Repel Missiles                 Charms/Air                   2
   e - Slow                           Hexes                        2
   f - Conjure Flame                  Conjuration/Fire             3
   g - Mephitic Cloud                 Conjuration/Poison/Air       3
Comestibles
 d - 2 bread rations
 h - 2 beef jerkies
 l - 2 fruits


   Skills:
 + Level 1.0 Fighting
 - Level 2.5 Dodging
 - Level 1.5 Stealth
 + Level 0.5 Shields
 - Level 0.7 Unarmed Combat
 * Level 2.6 Spellcasting
 - Level 0.6 Conjurations
 - Level 0.6 Summonings
 - Level 0.6 Translocations


You couldn't memorise any spells.
You knew the following spells:

 Your Spells              Type           Power        Failure   Level  Hunger
a - Magic Dart            Conj           #...         17%         1    #......
b - Blink                 Tloc           N/A          24%         2    ##.....
c - Repel Missiles        Chrm/Air       #.....       30%         2    ##.....
d - Call Imp              Summ           #.......     24%         2    ##.....


Dungeon Overview and Level Annotations

Branches:
Dungeon (2/15)

Altars:
Trog

Annotations:
D:2 Natasha


Innate Abilities, Weirdness & Mutations

You reflexively headbutt those who attack you in melee.
You have a pair of horns on your head.


Message History

You kill the hobgoblin!
You closely miss the crimson imp.
The crimson imp blinks!
Natasha hisses.
Natasha casts a spell at you. The magic dart hits you!
* * * LOW HITPOINT WARNING * * *
Casting: Magic Dart
Confirm with . or Enter, or press ? or * to list all spells.
Aiming: Magic Dart
Press: ? - help, Shift-Dir - straight line, f - Natasha
Aim: Natasha The magic dart hits Natasha.
Natasha is lightly wounded.
You hit Natasha.
Natasha is moderately wounded.
Natasha misses you. You furiously retaliate!
You headbutt Natasha. You closely miss Natasha.
Natasha is moderately wounded.
Natasha claws you!
You die...

# #.#.. #.#. .....
#.#.##############
..................
#.#......#.......#
#5#......#........
#.#......#.......#
#.#......#.......#
#@#......##.#.....
#h#......##.#.####
#........##.#.#...
###.#.#####.#.#.##
###.#.............
#...........######
#.#.##...####.....
....# ...# #.####
h....# ...# #.#


You could see Natasha and a crimson imp.

Vanquished Creatures
  An ooze (D:1)
  A leopard gecko (D:1)
  5 bats
  5 giant cockroaches
  2 goblins (D:1)
  2 hobgoblins
  2 jackals (D:1)
  A quokka (D:2)
  A frilled lizard (D:1)
  3 kobolds
  3 rats (D:1)
26 creatures vanquished.

Notes
Turn   | Place    | Note
-------+----------+-------------------------------------------
     0 | D:1      | AlphabetPasta the Minotaur Wizard began the quest for the Orb.
     0 | D:1      | Reached XP level 1. HP: 14/14 MP: 2/2
    89 | D:1      | Reached XP level 2. HP: 6/20 MP: 0/4
   102 | D:1      | Learned a level 2 spell: Blink
   105 | D:1      | Learned a level 2 spell: Repel Missiles
   786 | D:2      | Reached skill level 1 in Fighting
   786 | D:2      | Reached XP level 3. HP: 28/28 MP: 1/5
   790 | D:2      | Learned a level 2 spell: Call Imp
   790 | D:2      | Found a faded altar of an unknown god.
   837 | D:2      | Found a bloodstained altar of Trog.
   912 | D:2      | Noticed Natasha
   931 | D:2      | Slain by Natasha

Vault maps used:
D:1:      dpeg_arrival_oval
D:2:      old_standard_altar, chequers_ecumenical_altar_simple, uniq_natasha

Skill      XL: |  1  2 |
---------------+-------+-----
Fighting       | 1 |  1.0
Dodging        | |  2.5
Stealth        | |  1.5
Shields        | |  0.5
Unarmed Combat | |  0.7
Spellcasting   | |  2.6
Conjurations   | |  0.6
Summonings     | |  0.6
Translocations | |  0.6

Action                   || total
-------------------------++-------
Melee: Unarmed           ||    77
       Headbutt          ||     5
 Cast: Magic Dart        ||    36
       Repel Missiles    ||     1
  Use: Scroll            ||     1
Armor: Robe              ||    15
Dodge: Dodged            ||    49
       Deflected         ||     1
